 Dungeon Crawl Stone Soup version 0.21.0-3-g78d12a8 (webtiles) character file.

29 Dfrag the Firebug (level 3, -1/24 HPs)
             Began as a Demonspawn Fire Elementalist on Jan 11, 2018.
             Slain by a hobgoblin
             ... wielding a +0 club
              (5 damage)
             ... on level 2 of the Dungeon.
             The game lasted 00:01:27 (928 turns).

Dfrag the Firebug (Demonspawn Fire Elementalist)     Turns: 928, Time: 00:01:28

Health: -1/24      AC:  2    Str:  8    XL:     3   Next: 1%
Magic:  0/6        EV: 12    Int: 17    God:
Gold:   67         SH:  0    Dex: 13    Spells: 5/6 levels left

rFire    . . .     SeeInvis .   (no weapon)
rCold    . . .     Gourm    .   (no shield)
rNeg     . . .     Faith    .   a - +0 robe
rPois    .         Spirit   .   (helmet restricted)
rElec    .         Reflect  .   (no cloak)
rCorr    .         Harm     .   (no gloves)
MR       .....                  (no boots)
Stlth    ++........             (no amulet)
HPRegen  0.08/turn              (no ring)
MPRegen  0.10/turn              (no ring)

@: no status effects
A: antennae 2
a: no special abilities


You were on level 2 of the Dungeon.
You were hungry.

You visited 1 branch of the dungeon, and saw 2 of its levels.

You collected 67 gold pieces.

Inventory:

Armour
 a - a +0 robe (worn)
Scrolls
 e - a scroll of teleportation {unknown}
 f - a scroll of remove curse {unknown}
 h - a scroll of identify {unknown}
 i - a scroll of enchant weapon {unknown}
 j - a scroll of magic mapping {unknown}
Potions
 d - a potion of brilliance {unknown}
Books
 b - a book of Flames

   Spells                             Type                      Level
   a - Flame Tongue                   Conjuration/Fire             1
   b - Throw Flame                    Conjuration/Fire             2
   c - Conjure Flame                  Conjuration/Fire             3
   d - Inner Flame                    Hexes/Fire                   3
   e - Sticky Flame                   Conjuration/Fire             4
   f - Fireball                       Conjuration/Fire             5
Comestibles
 c - 2 rations
 g - 2 chunks of flesh


   Skills:
 - Level 1.7 Dodging
 - Level 1.7 Stealth
 + Level 2.4 Spellcasting
 + Level 1.8 Conjurations
 + Level 3.1 Fire Magic


You had 5 spell levels left.
You knew the following spells:

 Your Spells              Type           Power        Failure   Level  Hunger
a - Flame Tongue          Conj/Fire      ##...        7%          1    #......


Dungeon Overview and Level Annotations

Branches:
Dungeon (2/15)

Altars:


Innate Abilities, Weirdness & Mutations

You have a pair of antennae on your head.


Message History

You barely miss the hobgoblin.
The hobgoblin is almost dead.
The hobgoblin hits you with a club.
* * * LOW HITPOINT WARNING * * *
You barely miss the hobgoblin.
The hobgoblin is almost dead.
You are feeling hungry.
The hobgoblin closely misses you.
You hit the hobgoblin but do no damage.
The hobgoblin is almost dead.
The hobgoblin barely misses you.
Casting: Flame Tongue
Confirm with . or Enter, or press ? or * to list all spells.
Aiming: Flame Tongue
Press: ? - help, Shift-Dir - straight line, f/p - hobgoblin
Aim: a hobgoblin, wielding a club and wearing a chain mail (almost dead)
The flame tongue hits the hobgoblin.
The hobgoblin appears unharmed.
The hobgoblin is almost dead.
The hobgoblin hits you with a club.
You die...

. ##.... #.#.... .....
#.#... ..... #..(.###
#.#.# #.(..###.#.#
##.##...#.#.#
##..####.#...# #..##
#.g#..####### #.##
##@.........# #w#
##.........# #.#
#)..>..(..# #.#
#..(......# #)#
#.........# ##.#
#<........# #..#
#.........#
#.#########.........#
#####.###...............#


You could see a hobgoblin.

Vanquished Creatures
  A gnoll (D:1)
  2 worms (D:2)
  A leopard gecko (D:1)
  A giant cockroach (D:1)
  A goblin (D:1)
  5 kobolds
  2 bats (D:1)
  A frilled lizard (D:2)
14 creatures vanquished.

Notes
Turn   | Place    | Note
-------+----------+-------------------------------------------
     0 | D:1      | Dfrag the Demonspawn Fire Elementalist began the quest for the Orb.
     0 | D:1      | Reached XP level 1. HP: 13/13 MP: 3/3
   319 | D:1      | Reached skill level 3 in Fire Magic
   319 | D:1      | Gained mutation: You have a pair of small antennae on your head. [demonic ancestry]
   319 | D:1      | Reached XP level 2. HP: 6/19 MP: 0/5
   881 | D:2      | Gained mutation: You have a pair of antennae on your head. [demonic ancestry]
   881 | D:2      | Reached XP level 3. HP: 12/24 MP: 0/6
   928 | D:2      | Slain by a hobgoblin

Skill      XL: |  1 |
---------------+----+-----
Fire Magic     | 3 |  3.1
Dodging        | |  1.7
Stealth        | |  1.7
Spellcasting   | |  2.4
Conjurations   | |  1.8

Action                   || total
-------------------------++-------
Melee: Unarmed           ||    30
 Cast: Flame Tongue      ||    34
Armor: Robe              ||    12
Dodge: Dodged            ||    61
